 Dungeon Crawl Stone Soup version 0.29.1-13-g9f3cf754e1 (webtiles) character file.

Game seed: 13633690034742593319

312 shadowmeld the Magician (level 6, -4/43 HPs)
             Began as a Djinni Transmuter on Jan 31, 2023.
             Was an Initiate of Ashenzari.
             Slain by a phantom (6 damage)
             ... on level 4 of the Dungeon.
             The game lasted 00:14:07 (4854 turns).

shadowmeld the Magician (Djinni Transmuter)         Turns: 4854, Time: 00:14:07

Health: -4/43      AC: -2    Str:  9    XL:     6   Next: 71%
Gold:   102        EV: 13    Int: 17    God:    Ashenzari [......] SH:  0 Dex: 13

rFire   + + .      SeeInvis .     - Unarmed
rCold   . . .      Faith    .   (no shield)
rNeg    . . .      Spirit   .   a - +0 robe
rPois   ∞          Reflect  .   (helmet currently unavailable)
rElec   .          Harm     .   (no cloak)
rCorr   .          Rampage  .   (no gloves)
Will    .....                   (boots unavailable)
Stlth   +.........              (no amulet)
HPRegen 0.14/turn               n - ring of the Manifest Jealousy {rC+, Fort, Evo} (curse)
MPRegen 0.00/turn               (no ring)

@: appendages, corroded, flying
A: horns 2, flying, sickness immunity, fire resistance 2, cold vulnerability 1,
float, innate caster, HP casting, extra vitality 1
a: End Transformation, Renounce Religion, Shatter the Chains


You were on level 4 of the Dungeon.
You worshipped Ashenzari.
Ashenzari was noncommittal.
You had temporarily grown beastly horns.
You visited 1 branch of the dungeon, and saw 4 of its levels.

You collected 102 gold pieces.

Inventory:

Missiles
 r - 12 poisoned darts
Armour
 a - a +0 robe (worn)
Jewellery
 n - the cursed ring of the Manifest Jealousy (left hand) {rC+, Fort, Evo}
   (You found it on level 2 of the Dungeon)

   [ring of protection from cold]

   rC:        It protects you from cold.
   It has a curse which improves the following skills: Fortitude: Armour and
   Shields.
   Evocations: Evocations.
Scrolls
 d - 2 scrolls of blinking {unknown}
 e - 3 scrolls of teleportation {unknown}
 h - 5 scrolls of identify {unknown}
 k - a scroll of summoning {unknown}
 l - a scroll of immolation {unknown}
 m - a scroll of fear {unknown}
 p - a scroll of poison {unknown}
 q - 2 scrolls of enchant armour {unknown}
Potions
 c - 2 potions of heal wounds {unknown}
 g - a potion of mutation {unknown}
 i - a potion of magic {unknown}
 j - 2 potions of curing
 o - a potion of degeneration {unknown}
 s - a potion of ambrosia {unknown}
 t - a potion of resistance {unknown}
 u - a potion of brilliance {unknown}


   Skills:
 * Level 2.1 Fighting
 * Level 3.5 Dodging
 + Level 3.6 Unarmed Combat
 * Level 4.0 Spellcasting


You couldn't memorise any spells.
You knew the following spells:

 Your Spells              Type           Power      Damage    Failure   Level
a - Beastly Appendage     Tmut           34%        N/A       3%          1
b - Wereblood             Tmut           17%        N/A       4%          2
c - Spider Form           Tmut/Pois      17%        N/A       9%          3
d - Ice Form              Ice/Tmut       17%        N/A       30%         4
e - Sandblast             Erth           34%        2d9       3%          1
f - Passwall              Tmut/Erth      14%        N/A       4%          2
Your spell library was empty.

Dungeon Overview and Level Annotations

Branches:
Dungeon (4/15)
 Temple: D:4-7

Altars:
Ashenzari
Fedhas
Makhleb
Qazlal
Ru

Shops:
D:1 *


Innate Abilities, Weirdness & Mutations

You have temporarily grown beastly horns.
You are flying.
You are immune to sickness and miasma.
You are immune to poison.
Your flesh is very heat resistant. (rF++)
You are vulnerable to cold. (rC-)
You float through the air rather than walking.
You learn spells naturally, not from books.
Your magical power is your life essence.
You have superior vitality. (+4 MHP)


Message History

Confirm with . or Enter, or press ? or * to list all spells.
Aiming: Sandblast (safe; 3% risk of failure)
Press: ? - help, Shift-Dir - straight line, f - phantom
Aim: a phantom (moderately damaged, 75% to hit)
The blast of sand hits the phantom.
The phantom is heavily damaged.
* * * LOW HITPOINT WARNING * * *
The phantom closely misses you. The phantom hits you.
* * * LOW HITPOINT WARNING * * *
The phantom blinks!
You blink.
Casting: Sandblast (safe; 3% risk of failure)
Confirm with . or Enter, or press ? or * to list all spells.
Aiming: Sandblast (safe; 3% risk of failure)
Press: ? - help, Shift-Dir - straight line, f - jelly, p - phantom
Aim: a jelly (100% to hit)
The blast of sand hits the jelly!
The jelly is moderately wounded.
* * * LOW HITPOINT WARNING * * *
The phantom barely misses you.
Casting: Sandblast (safe; 3% risk of failure)
Confirm with . or Enter, or press ? or * to list all spells.
Aiming: Sandblast (safe; 3% risk of failure)
Press: ? - help, Shift-Dir - straight line, f/p - jelly
Aim: a jelly (moderately wounded, 100% to hit)
The blast of sand hits the jelly!
The jelly is heavily wounded.
* * * LOW HITPOINT WARNING * * *
The phantom closely misses you. The phantom barely misses you.
The jelly misses you.
Casting: Sandblast (safe; 3% risk of failure)
Confirm with . or Enter, or press ? or * to list all spells.
You grow a pair of large bovine horns.
* * * LOW HITPOINT WARNING * * *
The phantom closely misses you. The jelly closely misses you.
You hit the jelly. The acid corrodes you!
Your hands burn!
* * * LOW HITPOINT WARNING * * *
You headbutt the jelly.
The jelly is severely wounded.
The phantom hits you.
You die...

#.. ##.# #.# #...
#######.### #..#
..........###.# #..#
######........# #..#
#..#.##..# #...
#..#)##..# #.##
#J.......# ##.##
#@##.##.## #....
#W##.##.# #.)##
#.......# #..##
##.#.## #....
####...§#########....
......................
.####)...##.##........
#..#.# ##§###.#..
#.##.# #. #.##.


You could see a phantom and a jelly.

Vanquished Creatures
  Grinder (D:4)
  3 adders (D:3)
  A worm (D:2)
  2 dart slugs
  An orc (D:4)
  5 endoplasms
  11 giant cockroaches
  4 goblins
  9 hobgoblins
  3 jackals
  A quokka (D:3)
  8 ball pythons
  8 bats
  2 frilled lizards
  7 kobolds
  5 rats
71 creatures vanquished.

Notes
Turn   | Place    | Note
-------+----------+-------------------------------------------
     0 | D:1      | shadowmeld the Djinni Transmuter began the quest for the
                  | Orb.
     0 | D:1      | shadowmeld set off with the following spells memorised:
                  | Beastly Appendage, Wereblood, Spider Form, Ice Form.
     0 | D:1      | Reached XP level 1. HP: 17/17 MP: 0/0
   349 | D:1      | Reached XP level 2. HP: 17/22 MP: 0/0
   633 | D:1      | Found Luiwoh's Assorted Antiques.
   906 | D:1      | Found a faded altar of an unknown god.
   922 | D:1      | Reached XP level 3. HP: 23/27 MP: 0/0
   922 | D:1      | Learned a level 1 spell: Sandblast
  1594 | D:2      | Reached skill level 2 in Spellcasting
  2364 | D:2      | Reached XP level 4. HP: 31/32 MP: 0/0
  3011 | D:3      | Found a blossoming altar of Fedhas.
  3113 | D:3      | Found a broken altar of Ashenzari.
  3133 | D:3      | Became a worshipper of Ashenzari the Shackled
  3730 | D:3      | Reached XP level 5. HP: 32/37 MP: 0/0
  3730 | D:3      | Learned a level 2 spell: Passwall
  4046 | D:3      | Found a stormy altar of Qazlal.
  4393 | D:4      | Noticed Grinder
  4406 | D:4      | Killed Grinder
  4407 | D:4      | Reached skill level 3 in Spellcasting
  4407 | D:4      | Reached XP level 6. HP: 11/43 MP: 0/0
  4706 | D:4      | Reached skill level 4 in Spellcasting
  4721 | D:4      | Found a burning altar of Makhleb.
  4721 | D:4      | Found a sacrificial altar of Ru.
  4854 | D:4      | HP: 1/43 [acid (4)]
  4854 | D:4      | Slain by a phantom

Illustrated notes

Levels and vault maps discovered:
D:1:      onia_arrival_pentagram, layout_loops_ring,
          nicolae_ecumenical_snake_handling, serial_shops, nicolae_shop_crystal,
          minmay_tetromino_l4
D:2:      minmay_angry_zag, layout_loops_ring
D:3:      minmay_roachtagon, layout_basic,
          grunt_temple_overflow_forces_of_nature, nicolae_ashenzari_skybound,
          hangedman_decor_growths, kennysheep_small_spiral
D:4:      layout_loops_corners, chequers_temple_overflow_statue_of_worship,
          uniq_sigmund, uniq_eustachio, uniq_grinder

Skill      XL: |  1  2  3  4  5  6 |
---------------+-------------------+-----
Spellcasting   | 2 3 4 |  4.0
Dodging        | 3 |  3.5
Fighting       | 2 |  2.1
Unarmed Combat | |  3.6

Action                   |  1- 3 |  4- 6 || total
-------------------------+-------+-------++-------
Melee: Unarmed           |    97 |    52 ||   149
       Headbutt          |    14 |     8 ||    22
 Cast: Beastly Appendage |    15 |     8 ||    23
       Sandblast         |    27 |    58 ||    85
Invok: Curse Item        |       |     1 ||     1
  Use: Potion            |       |     3 ||     3
 Stab: Sleeping          |     1 |       ||     1
Armor: Robe              |    26 |    12 ||    38
       Skin              |       |     2 ||     2
Dodge: Dodged            |    64 |    66 ||   130
